 Dungeon Crawl Stone Soup version 0.31-a0-691-g409c26aa35 (webtiles) character file.

Game seed: 6969753243466970087

3015 javelincjr the Changeling (level 9, -3/85 HPs)
             Began as a Troll Shapeshifter on Sept 6, 2023.
             Was a Follower of Qazlal.
             Slain by a gnoll
             ... wielding a +1 halberd of freezing
             ... led by a gnoll sergeant
              (12 damage)
             ... on level 8 of the Dungeon.
             The game lasted 00:21:33 (5417 turns).

javelincjr the Changeling (Troll Shapeshifter)      Turns: 5417, Time: 00:21:33

Health: -3/85      AC:  7    Str: 26    XL:     9   Next: 55%
Magic:  21/21      EV: 10    Int:  6    God:    Qazlal [*.....]
Gold:   352        SH:  1    Dex: 11    Spells: 13/13 levels left

rFire   . .          .
                       - Unarmed
rCold   . . .        (no shield)
rNeg    . . .        t - +2 troll leather armour
rPois   .            (helmet restricted)
rElec   .            v - scarf {harm}
rCorr   .            (gloves unavailable)
SInv    .            (boots unavailable)
Will    .....        o - amulet of magic regeneration
Stlth   +            f - ring of magical power
HPRegen 1.94/turn    s - ring of flight
MPRegen 0.57/turn

%: harm (+30% outgoing, +20% incoming)
@: lethally poisoned (-3 -> -5), about to teleport, flying
A: large, unfitting armour, claws 3, regeneration 1, shaggy fur 1, tough skin 1
a: Renounce Religion


You were on level 8 of the Dungeon.
You worshipped Qazlal.
Qazlal was aware of your devotion.
You visited 2 branches of the dungeon, and saw 9 of its levels.

You collected 352 gold pieces.

Inventory:

Hand Weapons
 x - a +0 giant spiked club
 A - a +0 trident of protection
 C - a +0 dire flail of protection
Missiles
 l - 9 boomerangs
 p - 7 poisoned darts
 r - a curare-tipped dart
 M - 10 javelins
Armour
 k - a +0 cloak
 t - a +2 troll leather armour (worn)
 v - a scarf of harm (worn)
 F - a scarf of shadows
 L - a +0 pair of boots
Jewellery
 f - a ring of magical power (left claw)
 o - an amulet of magic regeneration (around neck)
 s - a ring of flight (right claw)
 O - an amulet of faith
Talismans
 c - a beast talisman
 d - a flux talisman
 G - a maw talisman
Wands
 a - a wand of light (8)
 u - a wand of flame (23)
 z - a wand of charming (8)
Scrolls
 g - a scroll of noise
 j - a scroll of teleportation
 m - 2 scrolls of silence
 q - a scroll of immolation {unknown}
 y - a scroll of amnesia {unknown}
 B - a scroll of fear {unknown}
 H - 2 scrolls of fog
 I - a scroll of poison {unknown}
 N - a scroll of summoning {unknown}
 P - a scroll of blinking {unknown}
Potions
 b - a potion of lignification
 e - 2 potions of cancellation
 h - a potion of ambrosia
 n - 2 potions of resistance
 w - 2 potions of might
 D - a potion of invisibility {unknown}
 E - a potion of magic {unknown}
 J - a potion of curing {unknown}
 K - a potion of mutation {unknown}


   Skills:
 + Level 4.4 Fighting
 + Level 2.7 Armour
 + Level 4.6 Dodging
 + Level 6.0 Unarmed Combat
 + Level 2.8 Spellcasting
 * Level 7.5 Shapeshifting


You had 13 spell levels left.
You didn't know any spells.
Your spell library contained the following spells:

 Spells                   Type           Power      Damage    Failure   Level
 Sandblast                Erth           0%         2d4       38%         1
 Sting                    Tmut/Pois      0%         1d3       38%         1
 Summon Small Mammal      Summ           0%         N/A       38%         1
 Ensorcelled Hibernation  Hex/Ice        0%         N/A       54%         2
 Lesser Beckoning         Tloc           0%         N/A       54%         2
 Passwall                 Tmut/Erth      0%         N/A       54%         2
 Poisonous Vapours        Pois/Air       0%         N/A       54%         2
 Static Discharge         Conj/Air       0%         2-2/arc   54%         2
 Call Canine Familiar     Summ           0%         N/A       77%         3
 Gell's Gravitas          Tloc           0%         N/A       77%         3
 Ignite Poison            Fire/Tmut/Pois 0%         N/A       77%         3
 Stone Arrow              Conj/Erth      0%         3d7       77%         3
 Summon Guardian Golem    Hex/Summ       0%         N/A       77%         3
 Swiftness                Air            0%         N/A       77%         3
 Teleport Other           Tloc           0%         N/A       77%         3
 Airstrike                Air            0%         2d(0-16)  99%         4
 Cause Fear               Hex            0%         N/A       99%         4
 Olgreb's Toxic Radiance  Pois           0%         N/A       99%         4
 Sticky Flame             Conj/Fire      0%         2d3       99%         4
 Summon Lightning Spire   Summ/Air       0%         N/A       99%         4
 Fireball                 Conj/Fire      0%         3d3       100%        5
 Ignition                 Fire           0%         3d3       100%        8
 Dragon's Call            Summ           0%         N/A       100%        9


Dungeon Overview and Level Annotations

Branches:
Dungeon (8/15)             Temple (1/1) D:6
   Lair: D:8-11

Altars:
Ashenzari
Cheibriados
Dithmenos
Elyvilon
Fedhas
Gozag
Hepliaklqana
Kikubaaqudgha
Makhleb
Nemelex Xobeh
Qazlal
Ru
Sif Muna
Trog
Uskayaw
Vehumet
Wu Jian
Xom
Yredelemnul
Zin
The Shining One


Innate Abilities, Weirdness & Mutations

You are too large for most types of armour.
You have claws for hands.
Your natural rate of healing is unusually fast.
You are covered in fur. (AC +1)
You have tough skin. (AC +1)


Message History

You feel sick. The killer bee stings you.
The gnoll sergeant hits you from afar with a +0 spear.
You miss the killer bee. Your claw misses the killer bee.
You feel sick. The killer bee barely misses you.
A killer bee comes into view.
The gnoll sergeant hits you from afar with a +0 spear.
The killer bee stings you.
A gnoll comes into view.
It is wielding a +1 halberd of freezing.
You are too injured to fight recklessly!
The gnoll shouts!
You mangle the killer bee!!
You kill the killer bee!
Qazlal accepts your kill.
You feel sick. The gnoll sergeant closely misses you.
The killer bee barely misses you.
You feel sick.
The killer bee attacks as it pursues you!
The killer bee stings you but does no damage.
The gnoll sergeant hits you with a +0 spear.
The killer bee barely misses you.
You claw the gnoll sergeant! You claw the gnoll sergeant.
You kill the gnoll sergeant!
Qazlal accepts your kill.
You feel sick. The killer bee stings you.
You are more poisoned.
The killer bee poisons you!
You barely miss the gnoll.
You feel sick. The killer bee stings you!
* * * LOW HITPOINT WARNING * * *
You are more poisoned.
The killer bee poisons you! The killer bee stings you.
* * * LOW HITPOINT WARNING * * *
As you read the scroll of teleportation, it crumbles to dust.
You feel strangely unstable.
You feel very sick. The killer bee stings you.
* * * LOW HITPOINT WARNING * * *
The gnoll hits you with a +0 whip.
* * * LOW HITPOINT WARNING * * *
The gnoll hits you from afar with a +1 halberd of freezing!
You die...

.##....###.###.#
#....#.....# #
#.##....####
#.##..#.#
.#..##.#.....#
......g..g.###
.......#.gg#
.........#g#
.V...#####@#
...## #y# y. #Y#
. #y# ... ...
..... .....
.......


You could see an ice beast, 2 killer bees and 4 gnolls.

Vanquished Creatures
  Grinder (D:3)
  Sigmund (D:3)
  A wyvern (D:7)
  Eustachio (D:5)
  Edmund (D:5)
  A water moccasin (D:7)
  2 sky beasts
  2 black bears
  An orc warrior (D:7)
  An ogre (D:4)
  A centaur (D:7)
  2 phantoms
  A kobold brigand (D:7)
  Blork the orc (D:5)
  4 bullfrogs
  A gnoll sergeant (D:8)
  2 scorpions
  4 killer bees (D:8)
  2 hounds
  Crazy Yiuf (D:5)
  An orc priest (D:4)
  A gnoll bouda (D:6)
  A jelly (D:5)
  Ijyb (D:5)
  4 iguanas
  4 orc wizards
  A sleepcap (D:6)
  3 gnolls (D:6)
  8 adders
  3 ufetubi
  The ghost of justen the Sneak, a weakling TrDe of Qazlal (D:5)
  6 dart slugs
  16 orcs
  5 bats
  11 endoplasms
  8 giant cockroaches
  9 goblins
  7 hobgoblins
  14 jackals
  7 ball pythons
  4 frilled lizards
  13 kobolds
  2 rats
161 creatures vanquished.

Notes
Turn   | Place    | Note
-------+----------+-------------------------------------------
     0 | D:1      | javelincjr the Troll Shapeshifter began the quest for the
                  | Orb.
     0 | D:1      | Reached XP level 1. HP: 18/18 MP: 0/0
    67 | D:1      | Reached skill level 1 in Fighting
    68 | D:1      | Reached XP level 2. HP: 27/27 MP: 1/1
   188 | D:1      | Reached XP level 3. HP: 31/33 MP: 2/2
   724 | D:2      | Reached XP level 4. HP: 41/41 MP: 3/3
  1291 | D:3      | Found a glowing silver altar of Zin.
  1359 | D:3      | Found a glowing golden altar of the Shining One.
  1513 | D:3      | Reached skill level 4 in Shapeshifting
  1657 | D:3      | Noticed Sigmund
  1677 | D:3      | Killed Sigmund
  1678 | D:3      | Reached XP level 5. HP: 44/49 MP: 5/5
  1678 | D:3      | Reached XP level 6. HP: 51/57 MP: 6/6
  1772 | D:3      | Noticed Grinder
  1783 | D:3      | Killed Grinder
  1784 | D:3      | Reached skill level 1 in Spellcasting
  2001 | D:4      | Reached skill level 5 in Shapeshifting
  2001 | D:4      | Reached XP level 7. HP: 66/66 MP: 7/7
  2720 | D:5      | Entered Level 5 of the Dungeon
  2733 | D:5      | Found a runed translucent door.
  2734 | D:5      | Noticed Crazy Yiuf
  2740 | D:5      | Killed Crazy Yiuf
  2838 | D:5      | Noticed Ijyb
  2856 | D:5      | Killed Ijyb
  2922 | D:5      | Found an opulent altar of Gozag.
  3067 | D:5      | Found a runed translucent door.
  3071 | D:5      | Noticed justen's ghost (weakling TrDe)
  3099 | D:5      | Noticed Blork the orc
  3113 | D:5      | Noticed Edmund
  3115 | D:5      | Killed Blork the orc
  3135 | D:5      | Killed Edmund
  3136 | D:5      | Reached XP level 8. HP: 27/75 MP: 9/9
  3212 | D:5      | Reached skill level 6 in Shapeshifting
  3314 | D:5      | Noticed Eustachio
  3323 | D:5      | Killed Eustachio
  3324 | D:5      | Reached skill level 5 in Unarmed Combat
  3434 | D:5      | Killed justen's ghost
  3513 | D:6      | Reached skill level 1 in Armour
  3568 | D:6      | Found a staircase to the Ecumenical Temple.
  3580 | Temple   | Entered the Ecumenical Temple
  3644 | Temple   | Became a worshipper of Qazlal Stormbringer
  4366 | D:7      | Reached XP level 9. HP: 77/84 MP: 11/11
  4449 | D:7      | Reached skill level 7 in Shapeshifting
  5323 | D:7      | Reached * piety under Qazlal
  5417 | D:8      | Slain by a gnoll

Illustrated notes

Levels and vault maps discovered:
D:1:      dpeg_arrival_rhombi, layout_rooms, serial_glass, glass_columns_a,
          glass_columns_a
D:2:      layout_loops_ring
D:3:      layout_loops_cross, mainiacjoe_overflow_small_starburst,
          nicolae_tso_carved_into_rock, uniq_grinder, uniq_sigmund
D:4:      layout_cave_pods, grunt_decor_junction, minmay_bent
D:5:      layout_basic, grunt_gozag_statues, ebering_ghost_sewer_d,
          uniq_eustachio, uniq_crazy_yiuf_cottage, uniq_edmund, uniq_ijyb,
          uniq_blork_the_orc
D:6:      layout_gridville, minmay_temple_entry_mist
D:7:      layout_loops_corners, serial_glass, glass_columns_a, glass_columns_a
D:8:      layout_rooms, ebering_ghost_xom
Temple:   regret_index_temple_mists

Skill      XL: |  1  2  3  4  5  6  7  8  9 |
---------------+----------------------------+-----
Fighting       | 1 2 3 4 |  4.4
Dodging        | 2 3 4 |  4.6
Shapeshifting  | 4 5 6 7 |  7.5
Unarmed Combat | 4 5 6 |  6.0
Spellcasting   | 1 2 |  2.8
Armour         | 1 2 |  2.7

Action                     |  1- 3 |  4- 6 |  7- 9 || total
---------------------------+-------+-------+-------++-------
  Melee: Unarmed           |   109 |    63 |   292 ||   464
         Punch             |     1 |     3 |     5 ||     9
         Giant spiked club |       |       |     7 ||     7
Ability: Begin Untransform |       |       |     1 ||     1
    Use: Scroll            |       |       |    13 ||    13
         Potion            |       |       |     1 ||     1
   Stab: Sleeping          |     1 |       |       ||     1
 Armour: Animal skin       |    61 |    16 |       ||    77
         Troll leather arm |       |    24 |   255 ||   279
  Dodge: Dodged            |    68 |    26 |   161 ||   255
  Block: Other             |       |       |     2 ||     2

Table legend: (Time is in decaauts)
 A = Elapsed time spent in this place.
 B = Non-inter-level travel time spent in this place.
 C = Inter-level travel time spent in this place.
 D = Time resting spent in this place.
 E = Time spent auto-exploring this place.
 F = Levels seen in this place.
 G = Mean time per level.
                   A        B        C        D        E       F      G
               +--------+--------+--------+--------+--------+-----+--------+
         Total |   5385 |   5163 |    222 |    101 |   3775 |   9 |  598.3 |
       Dungeon |   5276 |   5054 |    222 |    101 |   3775 |   8 |  659.5 |
        Temple |    108 |    108 |      0 |      0 |      0 |   1 |  108.0 |
               +--------+--------+--------+--------+--------+-----+--------+

Top non-repeatable levels by time:
     D:7: 1047 daAuts
     D:4: 780 daAuts
     D:5: 765 daAuts
     D:6: 683 daAuts
     D:2: 677 daAuts
     D:3: 661 daAuts
     D:1: 581 daAuts
  Temple: 108 daAuts
     D:8: 79 daAuts
